 Dungeon Crawl Stone Soup version 0.30-a0-6-g7c9e10e132 (webtiles) character file.

Game seed: 17497438805346884579

628 greenreed the Ruffian (level 7, -8/60 HPs)
             Began as a Ghoul Monk on Aug 22, 2022.
             Mangled by a gnoll
             ... wielding a +0 halberd
              (13 damage)
             ... on level 5 of the Dungeon.
             The game lasted 00:09:09 (4849 turns).

greenreed the Ruffian (Ghoul Monk)                  Turns: 4849, Time: 00:09:10

Health: -8/60      AC:  4    Str: 17    XL:     7   Next: 48%
Magic:  6/6        EV: 17    Int:  5    God:
Gold:   220        SH:  0    Dex: 11    Spells: 6/6 levels left

rFire   + . .      SeeInvis .      - Unarmed
rCold   + . .      Faith    .    (no shield)
rNeg    + + +      Spirit   .    a - +0 robe
rPois   ∞          Reflect  .    o - +0 helmet
rElec   .          Harm     .    (no cloak)
rCorr   .          Rampage  .    (no gloves)
Will    .....                    g - +0 pair of boots
Stlth   ++........               (no amulet)
HPRegen 0.00/turn                q - ring of protection from fire
MPRegen 0.10/turn                A - +4 ring of evasion

@: inhibited regen
A: claws 1, cold resistance 1, negative energy resistance 3, inhibited
regeneration, torment resistance 2, devour on kill
a: no special abilities


You were on level 5 of the Dungeon.
You visited 1 branch of the dungeon, and saw 5 of its levels.

You collected 220 gold pieces.

Inventory:

Missiles
 p - 12 poisoned darts (quivered)
Armour
 a - a +0 robe (worn)
 g - a +0 pair of boots (worn)
 o - a +0 helmet (worn)
Jewellery
 m - a ring of fire
 q - a ring of protection from fire (left claw)
 t - a ring of resist corrosion
 x - a ring of protection from fire
 A - a +4 ring of evasion (right claw)
Wands
 n - a wand of polymorph (10)
 v - a wand of digging (7)
 y - a wand of mindburst (9)
Scrolls
 c - 5 scrolls of identify {unknown}
 d - a scroll of vulnerability {unknown}
 e - 3 scrolls of butterflies {unknown}
 h - 3 scrolls of teleportation {unknown}
 j - a scroll of immolation {unknown}
 k - a scroll of poison {unknown}
 u - a scroll of blinking {unknown}
 w - 2 scrolls of amnesia {unknown}
 z - a scroll of torment {unknown}
 B - a scroll of summoning {unknown}
Potions
 b - a potion of ambrosia
 f - 2 potions of flight {unknown}
 i - 3 potions of magic {unknown}
 l - 3 potions of heal wounds
 r - a potion of lignification {unknown}
 s - a potion of mutation {unknown}


   Skills:
 * Level 4.4 Fighting
 + Level 4.1 Dodging
 + Level 4.0 Stealth
 * Level 7.2 Unarmed Combat


You had 6 spell levels left.
You didn't know any spells.
Your spell library contained the following spells:

 Spells                   Type           Power      Damage    Failure   Level
 Ensorcelled Hibernation  Hex/Ice        0%         N/A       63%         2
 Anguish                  Hex/Necr       0%         N/A       99%         4
 Spider Form              Tmut/Pois      Unusable   N/A       N/A         3

Dungeon Overview and Level Annotations

Branches:
Dungeon (5/15)
 Temple: D:4-7

Altars:
Gozag


Innate Abilities, Weirdness & Mutations

You are immune to poison.
You have sharp fingernails.
Your flesh is cold resistant. (rC+)
You are immune to negative energy. (rN+++)
You do not regenerate when monsters are visible.
You are immune to unholy pain and torment.
You thrive by killing the living.


Message History

You closely miss the gnoll.
The gnoll is severely wounded.
You barely miss the gnoll.
The gnoll is severely wounded.
The gnoll hits you with a +0 whip.
* * * LOW HITPOINT WARNING * * *
The gnoll barely misses you.
Unknown command.
You claw the gnoll!
You kill the gnoll!
You feel better. The gnoll closely misses you. The gnoll barely misses you.
You see here a +0 club.
Things that are here:
a +0 spear; a gnoll corpse
Items here: ))))) †††.
Things that are here:
a +0 club; a goblin corpse A hobgoblin comes into view.
It is wielding a +0 club.
The hobgoblin shouts!
A goblin comes into view. It is wielding a +0 club.
The hobgoblin barely misses you. The hobgoblin barely misses you.
There is an open door here.
The goblin shouts!
You hear a shout! x2
You hear a shout!
There is a large open door here.
The hobgoblin attacks as you move away! The hobgoblin hits you with a +0 club!
* * * LOW HITPOINT WARNING * * *
The hobgoblin attacks as you move away! The hobgoblin misses you.
The hobgoblin attacks as you move away! The hobgoblin hits you with a +0 club.
* * * LOW HITPOINT WARNING * * *
The hobgoblin attacks as you move away! The hobgoblin hits you with a +0 club.
* * * LOW HITPOINT WARNING * * *
Really walk into that dispersal trap?
The hobgoblin attacks as you move away! The hobgoblin completely misses you.
You enter a dispersal trap!
The hobgoblin blinks! x2; You blink.
There is a stone staircase leading up here.
The gnoll hits you from afar with a +0 halberd!
You die...

....#.............##..........###
..................##.#....#####
......#>...........#.##.....#####
#.....##.................##.##...
#.###..##...............###.##...
..# ##..#..###.......#..###......
..####...............##..........
..##.......###...........####....
.....#..........@....###..# #....
...###...............# ##.# #....
...#.........##.g##.## #.# #.#.#
.....##.##...##gg##.# #.# #.#.#
...####)##.#.##.g##.# #.###.#)#
....# #)#..#...gg...#####......).
....###)#.#####..#.....##.....>..
).....))#.#####..###.#...........
.##..##...##...........##........


You could see 4 gnolls, a hobgoblin and a goblin.

Vanquished Creatures
  2 ogres (D:5)
  A scorpion (D:5)
  An orc priest (D:3)
  2 hounds
  An iguana (D:5)
  An orc wizard (D:3)
  Robin (D:2)
  4 gnolls (D:5)
  2 adders
  A white imp (D:5)
  2 ufetubi
  A worm (D:3)
  15 orcs
  7 ball pythons
  5 bats
  6 endoplasms
  2 giant cockroaches
  50 goblins
  21 hobgoblins
  4 jackals (D:2)
  A quokka (D:1)
  5 frilled lizards
  9 kobolds
  6 rats
150 creatures vanquished.

Notes
Turn   | Place    | Note
-------+----------+-------------------------------------------
     0 | D:1      | greenreed the Ghoul Monk began the quest for the Orb.
     0 | D:1      | Reached XP level 1. HP: 19/19 MP: 0/0
   146 | D:1      | Reached XP level 2. HP: 26/26 MP: 1/1
   861 | D:1      | Reached XP level 3. HP: 31/31 MP: 2/2
  1329 | D:2      | Reached skill level 4 in Unarmed Combat
  1747 | D:2      | Reached XP level 4. HP: 38/40 MP: 3/3
  1785 | D:2      | Noticed Robin
  1816 | D:2      | Killed Robin
  2390 | D:3      | Found an opulent altar of Gozag.
  2477 | D:3      | Reached skill level 5 in Unarmed Combat
  2477 | D:3      | Reached XP level 5. HP: 37/46 MP: 4/4
  3551 | D:4      | Reached XP level 6. HP: 51/52 MP: 5/5
  3842 | D:5      | Entered Level 5 of the Dungeon
  3905 | D:5      | Reached skill level 6 in Unarmed Combat
  4129 | D:5      | Reached XP level 7. HP: 31/59 MP: 6/6
  4600 | D:5      | Reached skill level 7 in Unarmed Combat
  4849 | D:5      | Mangled by a gnoll

Illustrated notes

Levels and vault maps discovered:
D:1:      spicycebolla_arrival_ecumenical, layout_loops_ring
D:2:      kennysheep_the_goblin_king, layout_basic, chequers_mini_garden,
          uniq_robin
D:3:      layout_loops_ring, grunt_temple_overflow_gold_and_silver
D:4:      layout_gridville
D:5:      minmay_goblin_kobold_castle, layout_rooms, interstate_on_off

Skill      XL: |  1  2  3  4  5  6  7 |
---------------+----------------------+-----
Dodging        | 3 4 |  4.1
Unarmed Combat | 4 5 6 7 |  7.2
Stealth        | 3 4 |  4.0
Fighting       | 4 |  4.4

Action                   |  1- 3 |  4- 6 |  7- 9 || total
-------------------------+-------+-------+-------++-------
Melee: Unarmed           |   118 |   196 |    98 ||   412
       Punch             |     1 |     5 |     9 ||    15
 Stab: Sleeping          |     3 |     7 |     2 ||    12
Armor: Robe              |    29 |    38 |    24 ||    91
Dodge: Dodged            |    73 |   124 |   136 ||   333

Table legend: (Time is in decaauts)
 A = Elapsed time spent in this place.
 B = Non-inter-level travel time spent in this place.
 C = Inter-level travel time spent in this place.
 D = Time resting spent in this place.
 E = Time spent auto-exploring this place.
 F = Levels seen in this place.
 G = Mean time per level.
                   A        B        C        D        E       F      G
               +--------+--------+--------+--------+--------+-----+--------+
         Total |   4806 |   4657 |    149 |      0 |   3742 |   5 |  961.2 |
       Dungeon |   4806 |   4657 |    149 |      0 |   3742 |   5 |  961.2 |
               +--------+--------+--------+--------+--------+-----+--------+

Top non-repeatable levels by time:
     D:1: 1010 daAuts
     D:3: 999 daAuts
     D:5: 988 daAuts
     D:2: 915 daAuts
     D:4: 894 daAuts
